 Dungeon Crawl Stone Soup version 0.29-a0-509-g793eeb5391 (webtiles) character file.

Game seed: 2335110864431563427

88 Bruhh the Ogre Mage (level 4, -3/41 HPs)
             Began as an Ogre Transmuter on May 29, 2022.
             Slain by an orc
             ... wielding a +0 flail
              (5 damage)
             ... on level 2 of the Dungeon.
             The game lasted 00:02:26 (2699 turns).

Bruhh the Ogre Mage (Ogre Transmuter)               Turns: 2699, Time: 00:02:27

Health: -3/41      AC:  2    Str: 14    XL:     4   Next: 54%
Magic:  5/9        EV: 18    Int: 16    God:
Gold:   151        SH:  0    Dex: 14    Spells: 6/10 levels left

rFire   . . .      SeeInvis .     - Unarmed
rCold   . . .      Faith    .   (shield currently unavailable)
rNeg    . . .      Spirit   .   (body armour currently unavailable)
rPois   x          Reflect  .   (helmet currently unavailable)
rElec   .          Harm     .   (cloak currently unavailable)
rCorr   .          Rampage  .   (gloves unavailable)
Will    .....                   (boots unavailable)
Stlth   +.........              (no amulet)
HPRegen 0.13/turn               (no ring)
MPRegen 0.11/turn               (no ring)

@: brilliant, lethally poisoned (-3 -> -10), spider-form
A: venomous fangs, tiny, unfitting armour, (tough skin 1)
a: End Transformation


You were on level 2 of the Dungeon.
You were a venomous arachnid creature.
You visited 1 branch of the dungeon, and saw 3 of its levels.

You collected 151 gold pieces.

Inventory:

Armour
 a - a +0 robe (melded)
Scrolls
 b - 2 scrolls of poison {unknown}
 c - 2 scrolls of identify {unknown}
 d - a scroll of enchant armour {unknown}
 e - a scroll of vulnerability {unknown}
 g - a scroll of magic mapping {unknown}
 h - a scroll of torment {unknown}
 i - 2 scrolls of immolation {unknown}
 k - a scroll of brand weapon {unknown}
Potions
 f - a potion of haste {unknown}


   Skills:
 - Level 1.3 Fighting
 - Level 1.7 Dodging
 + Level 3.2 Unarmed Combat
 * Level 3.7 Spellcasting
 - Level 3.0 Transmutations


You had 6 spell levels left.
You knew the following spells:

 Your Spells              Type           Power      Damage    Failure   Level
a - Beastly Appendage     Tmut           36%        N/A       14%         1
b - Spider Form           Tmut/Pois      11%        N/A       50%         3

Your spell library contained the following spells:

 Spells                   Type           Power      Damage    Failure   Level
 Wereblood                Tmut           18%        N/A       21%         2
 Foxfire                  Conj/Fire      16%        2x1d4     36%         1
 Conjure Flame            Conj/Fire      4%         6-21      67%         3
 Inner Flame              Hex/Fire       4%         N/A       67%         3
 Ice Form                 Ice/Tmut       11%        N/A       85%         4
 Flame Wave               Conj/Fire      4%         2d5       95%         4


Dungeon Overview and Level Annotations

Branches:
Dungeon (3/15)

Altars:

Shops:
D:2 (


Innate Abilities, Weirdness & Mutations

You are a venomous arachnid creature.
You have poisonous fangs.
You are tiny and dextrous.
Your spellcasting is less reliable in this form.
Your armour is entirely melded.
You are incapable of wielding weapons or throwing items.
You are too large for most types of armour.
((You have tough skin. (AC +1)))


Message History

There is a stone staircase leading up, spattered with blood here.
You feel sick. The adder bites you. The orc completely misses you. x2
You climb upwards.
You feel sick.
There is a stone staircase leading down here.
Unknown command.
You grow a pair of large bovine horns.
Your feet morph into talons.
You feel sick. The adder closely misses you. The orc hits you with a +0 flail.
The orc hits you but does no damage.
Casting: Beastly Appendage (safe; 4% risk of failure)
Confirm with . or Enter, or press ? or * to list all spells.
The spell is quite dangerous to miscast (28% risk of failure)!
Continue anyway?
Your horns disappear.
Your talons disappear.
You turn into a venomous arachnid creature.
Your +0 robe melds into your body.
You feel sick. The adder barely misses you. The orc hits you with a +0 flail!
The orc misses you. The adder misses you.
Unknown command.
You barely miss the adder.
You feel sick. The adder barely misses you. The orc closely misses you.
The orc hits you with a +0 club.
You hit the adder.
The adder is poisoned.
The adder is moderately wounded.
You feel sick.
You are no longer poisoned.
The adder closely misses you. The orc hits you with a +0 flail.
* * * LOW HITPOINT WARNING * * *
The orc hits you with a +0 club.
* * * LOW HITPOINT WARNING * * *
You hit the adder.
The adder looks as sick as possible!
The adder is heavily wounded.
The adder bites you.
* * * LOW HITPOINT WARNING * * *
You are lethally poisoned!
The adder poisons you! The orc closely misses you. The orc misses you.
The adder completely misses you.
It was a potion of brilliance.
You feel clever all of a sudden.
* * * LOW HITPOINT WARNING * * *
You feel sick.
You kill the adder!
The orc hits you with a +0 flail.
You die...

∩'.#.##......#.# #.#
'###.#######.#.##### #.# ### .#
#..#....#.#.....###.# ##.##
#######.##.#.#.##......# ##...###
.....##.#..#.#.##.###### #.......
.....##.#.##.#.##.# ##...###
###...#.#....#.##.# ##.## #
#.....#.######.o#[# #.# #
#.#.....# #....os.##########.# #
#.##>#### ###...####......##.###
.....## #...# #.###.[.....##
#.##..#######...####.##.<...##.#.
..##..##.............##.....##.#.
..##.............................
##.##.##.(................#.##.#.
....).#######...########.##.##.#.
.#.#### #...# #.........


You could see 2 orcs.

Vanquished Creatures
  An orc wizard (D:2)
  2 adders (D:2)
  A dart slug (D:1)
  An orc (D:2)
  5 bats
  6 endoplasms
  4 giant cockroaches
  4 hobgoblins (D:1)
  7 jackals
  6 kobolds
  A quokka (D:2)
  2 ball pythons (D:1)
  3 frilled lizards
  4 rats (D:1)
47 creatures vanquished.

Notes
Turn   | Place    | Note
-------+----------+-------------------------------------------
     0 | D:1      | Bruhh the Ogre Transmuter began the quest for the Orb.
     0 | D:1      | Reached XP level 1. HP: 19/19 MP: 3/3
   393 | D:1      | Reached XP level 2. HP: 26/27 MP: 3/5
   923 | D:1      | Reached XP level 3. HP: 29/33 MP: 5/7
  1316 | D:1      | Found a faded altar of an unknown god.
  1388 | D:2      | Learned a level 3 spell: Spider Form
  1582 | D:2      | Found Xeicw's Antique Weapon Shoppe.
  2135 | D:2      | Reached XP level 4. HP: 34/41 MP: 6/9
  2699 | D:2      | HP: 2/41 [poisoned by an adder]
  2699 | D:2      | Slain by an orc

Illustrated notes

Levels and vault maps discovered:
D:1:      heliophobic_arrival_enchanted_forest, layout_basic,
          dreamdust_ecumenical_altar_hidden_monk_grotto
D:2:      layout_loops_cross, serial_shops, nicolae_shop_behind_doors,
          patterned_corridor
D:3:      layout_basic, grunt_temple_overflow_order_and_chaos_1,
          mainiacjoe_overflow_six_doors_small, corexii_corridor_pit,
          uniq_sigmund

Skill      XL: |  1  2  3  4 |
---------------+-------------+-----
Transmutations | 2 3 |  3.0
Spellcasting   | 3 |  3.7
Unarmed Combat | 3 |  3.2
Fighting       | |  1.3
Dodging        | |  1.7

Action                   |  1- 3 |  4- 6 || total
-------------------------+-------+-------++-------
Melee: Unarmed           |   130 |    18 ||   148
       Kick              |    27 |     4 ||    31
       Headbutt          |     8 |     1 ||     9
       Punch             |     3 |       ||     3
 Cast: Beastly Appendage |    27 |     3 ||    30
       Spider Form       |       |     1 ||     1
  Use: Potion            |     1 |     1 ||     2
 Stab: Sleeping          |     1 |       ||     1
Armor: Skin              |     3 |       ||     3
       Robe              |    52 |     6 ||    58
Dodge: Dodged            |    74 |    22 ||    96

Table legend: (Time is in decaauts)
 A = Elapsed time spent in this place.
 B = Non-inter-level travel time spent in this place.
 C = Inter-level travel time spent in this place.
 D = Time resting spent in this place.
 E = Time spent auto-exploring this place.
 F = Levels seen in this place.
 G = Mean time per level.
                   A        B        C        D        E       F      G
               +--------+--------+--------+--------+--------+-----+--------+
         Total |   2692 |   2625 |     67 |    327 |   1985 |   3 |  897.3 |
       Dungeon |   2692 |   2625 |     67 |    327 |   1985 |   3 |  897.3 |
               +--------+--------+--------+--------+--------+-----+--------+

Top non-repeatable levels by time:
     D:1: 1370 daAuts
     D:2: 1317 daAuts
     D:3: 4 daAuts
